SL
THUNDER BAY NORTHERN LIONS BC @ NASHVILLE OUTLAWS
09/23/2037
 
TOP OF THE 1ST
Thunder Bay Northern Lions BC batting - Pitching for Nashville Outlaws : RHP Won-sup Yang
Pitching: RHP Won-sup Yang
Batting: RHB Miracle Crimes 0-0: Called Strike
0-1: Ball
1-1: SINGLE (Groundball, 6MD, EV 96.2 MPH)
Batting: LHB Ramón Padilla 0-0: Ball
1-0: Called Strike
1-1: Ball
2-1: Ball
3-1: Called Strike
3-2: Fielders Choice at 2nd, 6-4 (Groundball, 6, EV 101.2 MPH)
Batting: LHB Jorge Herrera 0-0: Ball
1-0: Fly out, F8 (Flyball, 8RM, EV 93.8 MPH)
Batting: LHB Sébastien Cornu 0-0: Called Strike
Ramón Padilla steals 2nd base (no throw)
0-1: Ball
1-1: Fly out, F8 (Flyball, 78M, EV 91.2 MPH)
Top of the 1st over - 0 runs, 1 hit, 0 errors, 1 left on base; Thunder Bay 0 - Nashville 0
BOTTOM OF THE 1ST
Nashville Outlaws batting - Pitching for Thunder Bay Northern Lions BC : LHP Rusty Swanson
Pitching: LHP Rusty Swanson
Batting: LHB Bartolo Soto 0-0: Ball
1-0: Ground out 4-3 (Groundball, 4, EV 83.8 MPH)
Batting: RHB Arnold Giroux 0-0: Ground out 6-3 (Groundball, 6, EV 87.5 MPH)
Batting: RHB Jerry Yates 0-0: SOLO HOME RUN (Flyball, 7D, EV 111.2 MPH), Distance : 404 ft
Batting: LHB Myron Rosenbalm 0-0: Swinging Strike
0-1: Foul Ball, location: 2F
0-2: Ball
1-2: Strikes out looking
Bottom of the 1st over - 1 run, 1 hit, 0 errors, 0 left on base; Thunder Bay 0 - Nashville 1
TOP OF THE 2ND
Thunder Bay Northern Lions BC batting - Pitching for Nashville Outlaws : RHP Won-sup Yang
Batting: RHB Domingo Altamiraño 0-0: Ground out 5-3 (Groundball, 56S, EV 81.9 MPH)
Batting: LHB Barry Flauker 0-0: Ball
1-0: Fly out, F7 (Flyball, 7LMF, EV 103.1 MPH)
Batting: RHB Jason Slaybaugh 0-0: Ball
1-0: Ball
2-0: Ball
3-0: DOUBLE (Line Drive, 89D, EV 112.5 MPH)
Batting: RHB Joe Aller 0-0: Ball
1-0: DOUBLE (Groundball, 3L, EV 98.8 MPH)
Jason Slaybaugh scores
Batting: RHB Hsi-men King 0-0: Ground out 6-3 (Groundball, 6, EV 83.8 MPH)
Top of the 2nd over - 1 run, 2 hits, 0 errors, 1 left on base; Thunder Bay 1 - Nashville 1
BOTTOM OF THE 2ND
Nashville Outlaws batting - Pitching for Thunder Bay Northern Lions BC : LHP Rusty Swanson
Batting: LHB Tom Burton 0-0: Called Strike
0-1: Called Strike
0-2: Strikes out swinging
Batting: RHB Mark Toope 0-0: Called Strike
0-1: Foul Ball, location: 2F
0-2: Ball
1-2: Ball
2-2: Foul Ball, location: 2F
2-2: Ground out U3 (Groundball, 34, EV 101.2 MPH)
Batting: LHB Juan Caro 0-0: SINGLE (Line Drive, 7S, EV 106.9 MPH)
Batting: RHB Sadakuno Hashimoto 0-0: Ball
1-0: Ball
2-0: Ball
3-0: Called Strike
3-1: Base on Balls
Juan Caro to second
Batting: RHB Dale Goodman 0-0: Ball
1-0: Ball
2-0: Fly out, F7 (Flyball, 7S, EV 81.9 MPH)
Bottom of the 2nd over - 0 runs, 1 hit, 0 errors, 2 left on base; Thunder Bay 1 - Nashville 1
TOP OF THE 3RD
Thunder Bay Northern Lions BC batting - Pitching for Nashville Outlaws : RHP Won-sup Yang
Batting: RHB Miracle Crimes 0-0: Foul Ball, location: 2F
0-1: Foul Ball, location: 2F
0-2: Ball
1-2: Ball
2-2: Foul Ball, location: 2F
2-2: Fly out, F5 (Popup, 56S, EV 76.9 MPH)
Batting: LHB Ramón Padilla 0-0: SINGLE (Line Drive, 6M, EV 100.0 MPH)
Batting: LHB Jorge Herrera 0-0: Fly out, F7 (Line Drive, 7, EV 86.2 MPH)
Batting: LHB Sébastien Cornu 0-0: Ball
Ramón Padilla steals 2nd base
1-0: Called Strike
1-1: Swinging Strike
1-2: Ball
2-2: Fly out, F8 (Flyball, 8RXD, EV 100.0 MPH)
Top of the 3rd over - 0 runs, 1 hit, 0 errors, 1 left on base; Thunder Bay 1 - Nashville 1
BOTTOM OF THE 3RD
Nashville Outlaws batting - Pitching for Thunder Bay Northern Lions BC : LHP Rusty Swanson
Batting: LHB Bartolo Soto 0-0: Ball
1-0: Ball
2-0: Ball
3-0: Ground out 4-3 (Groundball, 4MD, EV 104.4 MPH)
Batting: RHB Arnold Giroux 0-0: Ball
1-0: Swinging Strike
1-1: Foul Ball, location: 2F
1-2: Strikes out swinging
Batting: RHB Jerry Yates 0-0: Ball
1-0: Foul Ball, location: 2F
1-1: Fly out, F7 (Flyball, 7LS, EV 94.4 MPH)
Bottom of the 3rd over - 0 runs, 0 hits, 0 errors, 0 left on base; Thunder Bay 1 - Nashville 1
TOP OF THE 4TH
Thunder Bay Northern Lions BC batting - Pitching for Nashville Outlaws : RHP Won-sup Yang
Batting: RHB Domingo Altamiraño 0-0: Called Strike
0-1: Ball
1-1: Ball
2-1: Ball
3-1: Foul Ball, location: 2F
3-2: Ground out 6-3 (Groundball, 6, EV 87.5 MPH)
Batting: LHB Barry Flauker 0-0: Swinging Strike
0-1: Ball
1-1: Ground out 6-3 (Groundball, 6M, EV 79.4 MPH)
Batting: RHB Jason Slaybaugh 0-0: Ball
1-0: Ball
2-0: Fly out, F8 (Flyball, 89D, EV 84.4 MPH)
Top of the 4th over - 0 runs, 0 hits, 0 errors, 0 left on base; Thunder Bay 1 - Nashville 1
BOTTOM OF THE 4TH
Nashville Outlaws batting - Pitching for Thunder Bay Northern Lions BC : LHP Rusty Swanson
Batting: LHB Myron Rosenbalm 0-0: Ball
1-0: Ball
2-0: Ball
3-0: Base on Balls
Batting: LHB Tom Burton 0-0: Called Strike
0-1: Called Strike
0-2: Foul Ball, location: 2F
0-2: Strikes out swinging
Batting: RHB Mark Toope 0-0: Called Strike
0-1: Swinging Strike
0-2: Ground out 5-3 (Groundball, 56S, EV 69.4 MPH)
Myron Rosenbalm to second
Batting: LHB Juan Caro 0-0: Ball
1-0: Fly out, F9 (Line Drive, 9, EV 101.9 MPH)
Bottom of the 4th over - 0 runs, 0 hits, 0 errors, 1 left on base; Thunder Bay 1 - Nashville 1
TOP OF THE 5TH
Thunder Bay Northern Lions BC batting - Pitching for Nashville Outlaws : RHP Won-sup Yang
Batting: RHB Joe Aller 0-0: Ball
1-0: Called Strike
1-1: Ball
2-1: Ground out 1-3 (Groundball, 13S, EV 63.1 MPH)
Batting: RHB Hsi-men King 0-0: Called Strike
0-1: Ball
1-1: Foul Ball, location: 2F
1-2: Ball
2-2: Foul Ball, location: 2F
2-2: Ball
3-2: DOUBLE (Groundball, 5L, EV 105.0 MPH)
Batting: RHB Miracle Crimes 0-0: Foul Ball, location: 2F
0-1: Ground out 5-3 (Groundball, 56S, EV 80.0 MPH)
Batting: LHB Ramón Padilla 0-0: Called Strike
0-1: Ground out 4-3 (Groundball, 4, EV 93.1 MPH)
Top of the 5th over - 0 runs, 1 hit, 0 errors, 1 left on base; Thunder Bay 1 - Nashville 1
BOTTOM OF THE 5TH
Nashville Outlaws batting - Pitching for Thunder Bay Northern Lions BC : LHP Rusty Swanson
Batting: RHB Sadakuno Hashimoto 0-0: Ground out 6-3 (Groundball, 56, EV 108.8 MPH)
Batting: RHB Dale Goodman 0-0: Ball
1-0: Ground out 5-3 (Groundball, 5, EV 91.2 MPH)
Batting: LHB Bartolo Soto 0-0: SINGLE (Groundball, 56S, EV 73.1 MPH) (infield hit)
Batting: RHB Arnold Giroux 0-0: Ball
1-0: Ball
2-0: Ball
3-0: Called Strike
3-1: Base on Balls
Bartolo Soto to second
Batting: RHB Jerry Yates 0-0: Fly out, F8 (Flyball, 8LM, EV 92.5 MPH)
Bottom of the 5th over - 0 runs, 1 hit, 0 errors, 2 left on base; Thunder Bay 1 - Nashville 1
TOP OF THE 6TH
Thunder Bay Northern Lions BC batting - Pitching for Nashville Outlaws : RHP Won-sup Yang
Batting: LHB Jorge Herrera 0-0: Called Strike
0-1: SINGLE (Groundball, 4MD, EV 106.9 MPH)
Batting: LHB Sébastien Cornu 0-0: Ball
1-0: Called Strike
1-1: 2-RUN HOME RUN (Line Drive, 89XD, EV 104.4 MPH), Distance : 409 ft
Batting: RHB Domingo Altamiraño 0-0: Called Strike
0-1: Foul Ball, location: 2F
0-2: Ball
1-2: Ground out 6-3 (Groundball, 6, EV 83.8 MPH)
Batting: LHB Barry Flauker 0-0: Called Strike
0-1: Ball
1-1: Ball
2-1: Ball
3-1: Foul Ball, location: 2F
3-2: Base on Balls
Batting: RHB Jason Slaybaugh 0-0: Ball
1-0: Called Strike
1-1: Ball
2-1: Fly out, F9 (Flyball, 9LSF, EV 98.8 MPH)
Batting: RHB Joe Aller 0-0: Ball
1-0: Fly out, F9 (Flyball, 9LS, EV 95.6 MPH)
Top of the 6th over - 2 runs, 2 hits, 0 errors, 1 left on base; Thunder Bay 3 - Nashville 1
BOTTOM OF THE 6TH
Nashville Outlaws batting - Pitching for Thunder Bay Northern Lions BC : LHP Rusty Swanson
Batting: LHB Myron Rosenbalm 0-0: Called Strike
0-1: DOUBLE (Line Drive, 7LD, EV 101.9 MPH)
Batting: LHB Tom Burton 0-0: Ground out 5-3 (Groundball, 56, EV 100.0 MPH)
Batting: RHB Mark Toope 0-0: Called Strike
0-1: Ball
1-1: Fly out, F9 (Flyball, 89M, EV 87.5 MPH)
Batting: LHB Juan Caro 0-0: Ball
1-0: Ball
2-0: Fly out, F8 (Line Drive, 8RD, EV 96.2 MPH)
Bottom of the 6th over - 0 runs, 1 hit, 0 errors, 1 left on base; Thunder Bay 3 - Nashville 1
TOP OF THE 7TH
Thunder Bay Northern Lions BC batting - Pitching for Nashville Outlaws : RHP Won-sup Yang
Batting: RHB Hsi-men King 0-0: Ball
1-0: Ground out 6-3 (Groundball, 6, EV 93.1 MPH)
Batting: RHB Miracle Crimes 0-0: Called Strike
0-1: Foul Ball, location: 2F
0-2: Ball
1-2: Ground out 5-3 (Groundball, 56S, EV 83.8 MPH)
Batting: LHB Ramón Padilla 0-0: Ball
1-0: Called Strike
1-1: Fly out, F9 (Flyball, 9LM, EV 88.1 MPH)
Top of the 7th over - 0 runs, 0 hits, 0 errors, 0 left on base; Thunder Bay 3 - Nashville 1
BOTTOM OF THE 7TH
Nashville Outlaws batting - Pitching for Thunder Bay Northern Lions BC : LHP Rusty Swanson
Batting: RHB Sadakuno Hashimoto 0-0: Called Strike
0-1: Swinging Strike
0-2: Ball
1-2: Ball
2-2: Strikes out swinging
Batting: RHB Dale Goodman 0-0: Ball
1-0: Foul Ball, location: 2F
1-1: Called Strike
1-2: Ball
2-2: TRIPLE (Line Drive, 89XD, EV 104.4 MPH)
Batting: LHB Bartolo Soto 0-0: Ball
1-0: Ball
2-0: Called Strike
2-1: Foul Ball, location: 2F
2-2: Foul Ball, location: 2F
2-2: Ball
3-2: Strikes out swinging
Batting: RHB Arnold Giroux 0-0: Ball
1-0: Called Strike
1-1: Ground out 5-3 (Groundball, 56, EV 101.9 MPH)
Bottom of the 7th over - 0 runs, 1 hit, 0 errors, 1 left on base; Thunder Bay 3 - Nashville 1
TOP OF THE 8TH
Thunder Bay Northern Lions BC batting - Pitching for Nashville Outlaws : RHP Won-sup Yang
Batting: LHB Jorge Herrera 0-0: Foul Ball, location: 2F
0-1: Ball
1-1: Foul Ball, location: 2F
1-2: Ball
2-2: Ground out 1-3 (Groundball, 34S, EV 74.4 MPH)
Pitching: LHP Onson Sweemey
Batting: LHB Sébastien Cornu 0-0: Called Strike
0-1: Ball
1-1: Called Strike
1-2: Strikes out looking
Batting: RHB Domingo Altamiraño 0-0: Ball
1-0: Fly out, F5 (Popup, 56S, EV 87.5 MPH)
Top of the 8th over - 0 runs, 0 hits, 0 errors, 0 left on base; Thunder Bay 3 - Nashville 1
BOTTOM OF THE 8TH
Nashville Outlaws batting - Pitching for Thunder Bay Northern Lions BC : LHP Rusty Swanson
Now at 3B: Yi-da Yee
Batting: RHB Jerry Yates 0-0: Ball
1-0: Called Strike
1-1: Ball
2-1: Foul Ball, location: 2F
2-2: Fly out, F8 (Flyball, 89D, EV 105.0 MPH)
Batting: LHB Myron Rosenbalm 0-0: Ball
1-0: Foul Ball, location: 2F
1-1: Foul Ball, location: 2F
1-2: Ground out 4-3 (Groundball, 34D, EV 106.2 MPH)
Batting: LHB Tom Burton 0-0: Swinging Strike
0-1: Foul Ball, location: 2F
0-2: Ball
1-2: Ball
2-2: Ball
3-2: Base on Balls
Pitching: RHP Jefferson Suhendro
Now at 3B: Charles Josse
Batting: RHB Mark Toope 0-0: Foul Ball, location: 2F
0-1: Swinging Strike
0-2: Ball
1-2: Foul Ball, location: 2F
1-2: Ball
2-2: Ball
3-2: Foul Ball, location: 2F
3-2: Fly out, F9 (Flyball, 9LSF, EV 83.8 MPH)
Bottom of the 8th over - 0 runs, 0 hits, 0 errors, 1 left on base; Thunder Bay 3 - Nashville 1
TOP OF THE 9TH
Thunder Bay Northern Lions BC batting - Pitching for Nashville Outlaws : LHP Onson Sweemey
Batting: LHB Barry Flauker 0-0: Ball
1-0: Ball
2-0: Fly out, F7 (Flyball, 78D, EV 106.9 MPH)
Batting: RHB Jason Slaybaugh 0-0: Called Strike
0-1: Ball
1-1: Ball
2-1: SINGLE (Line Drive, 34D, EV 95.0 MPH)
Batting: RHB Joe Aller Pickoff Throw to First - Out! 1-3
0-0: Ball
1-0: Swinging Strike
1-1: Ground out 4-3 (Groundball, 4, EV 89.4 MPH)
Top of the 9th over - 0 runs, 1 hit, 0 errors, 0 left on base; Thunder Bay 3 - Nashville 1
BOTTOM OF THE 9TH
Nashville Outlaws batting - Pitching for Thunder Bay Northern Lions BC : RHP Jefferson Suhendro
Pitching: RHP Jim Sison
Batting: LHB Juan Caro 0-0: SINGLE (Line Drive, 6MD, EV 106.9 MPH)
Pinch Hitting: LHB Salvador Ramírez 0-0: Called Strike
0-1: Ball
1-1: Ball
2-1: Called Strike
2-2: Strikes out looking
Batting: RHB Dale Goodman 0-0: Swinging Strike
0-1: Fly out, F9 (Flyball, 9LMF, EV 95.0 MPH)
Batting: LHB Bartolo Soto 0-0: Ball
1-0: Ground out 2-3 (Groundball, 2L, EV 67.5 MPH)
Bottom of the 9th over - 0 runs, 1 hit, 0 errors, 1 left on base; Thunder Bay 3 - Nashville 1
Thursday, January 23rd, 2020 - OOTP Baseball 20.8 Build 74